 Dungeon Crawl Stone Soup version 0.16.0-12-g7215832 (webtiles) character file.

17133 Gorice the Cruncher (level 12, -3/83 HPs)
             Began as a Demonspawn Wanderer on Mar 17, 2015.
             Was a High Priest of Okawaru.
             Slain by a centaur warrior
             ... wielding a +1 broad axe of flaming
              (6 damage)
             ... in a volcano on Mar 18, 2015.
             The game lasted 01:51:44 (13484 turns).

Gorice the Cruncher (Demonspawn Wanderer)          Turns: 13484, Time: 01:51:44

Health: -3/83      AC: 19    Str: 19    XL:     12   Next: 16%
Magic:  0/16       EV:  9    Int: 12    God:    Okawaru [*****.]
Gold:   617        SH:  0    Dex: 13    Spells: 0 memorised, 11 levels left

rFire  . . .     SeeInvis .     a - +3 quarterstaff (flame)
rCold  . . .     Clarity  .     e - +0 plate armour
rNeg   . . .     SustAb   .     (no shield)
rPois  .         Gourm    .     (helmet restricted)
rElec  .         Spirit   +     (no cloak)
rCorr  .         Warding  .     o - +0 pair of gloves
rMut   .         Stasis   .     (no boots)
MR     .....                    (no amulet)
Stlth  ..........               (no ring)
                                (no ring)

@: heroism, not resistant to hostile enchantments, extremely unstealthy
A: horns 2, powered by death 2, magic shield, magic regeneration
a: Heroism, Finesse, Renounce Religion


You were in a volcano.
You worshipped Okawaru.
Okawaru was extremely pleased with you.
You were not hungry.

You visited 3 branches of the dungeon, and saw 13 of its levels.
You also visited: Bailey and Volcano.

You collected 617 gold pieces.

Inventory:

Hand weapons
 a - a +3 quarterstaff of flaming (weapon)
 b - a +1 hunting sling of flaming
   (You found it on level 3 of the Dungeon)
 v - a +1 dagger of venom
   (You took it off an orc wizard on level 5 of the Dungeon)
 B - a +0 blowgun
 C - a +0 arbalest
 F - a +1 dagger of flaming
   (You found it in a volcano)
Missiles
 l - 8 steel sling bullets
 n - 44 poisoned needles
 x - 6 sling bullets of frost
 y - 3 curare-tipped needles
 A - 17 sling bullets
 D - 19 bolts of flame
 P - 9 steel tomahawks (quivered)
 Z - 241 stones
Armour
 e - a +0 plate armour (worn)
 o - a +0 pair of gloves (worn)
 E - a +3 plate armour of fire resistance
   (You found it in a volcano)
Magical devices
 k - a wand of paralysis (4)
 m - a wand of confusion (12)
 s - a wand of flame (41)
 w - a wand of frost (9)
 J - a wand of disintegration (11)
 L - a wand of fireball (0)
 M - a wand of draining (1)
Scrolls
 f - a scroll of enchant weapon
 g - 5 scrolls of remove curse
 p - a scroll of enchant armour
 r - a scroll of identify
 u - a scroll of summoning {!r}
 H - 3 scrolls of fog
 K - 2 scrolls of teleportation {!r}
Potions
 d - a potion of magic {!q}
 i - 2 potions of curing
 j - 3 potions of agility {!q}
 z - 2 potions of ambrosia {!q}
 G - a potion of brilliance {!q}
 Q - 3 potions of haste {!q}
 W - 2 potions of lignification {!q}
Comestibles
 c - 17 chunks of flesh
 t - 14 bread rations {!e}
 Y - 4 fruits


   Skills:
 - Level 3.8(8.8) Fighting
 - Level 14.0(19.0) Staves
 * Level 11.0(16.0) Armour
 - Level 1.0(6.0) Dodging
 - Level 2.6(7.6) Stealth
 + Level 2.6 Invocations


You had 11 spell levels left.
You didn't know any spells.

Dungeon Overview and Level Annotations

Branches:
Dungeon (9/15)             Temple (1/1) D:6            Lair (3/8) D:9
  Snake (0/5) Lair:3
  Swamp: Lair:3-6    Shoals: Lair:3-6       Orc: D:9-12

Altars:
Ashenzari
Cheibriados
Dithmenos
Elyvilon
Fedhas
Gozag
Kikubaaqudgha
Makhleb
Nemelex Xobeh
Okawaru
Qazlal
Ru
Sif Muna
Trog
Vehumet
Xom
Yredelemnul
Zin
The Shining One

Shops:
D:8 }   D:9 }

Annotations:
Lair:1 exclusion: oklob plant


Innate Abilities, Weirdness & Mutations

You have a pair of horns on your head.
You can steal the life force of defeated enemies.
When hurt, damage is shared between your health and your magic reserves.
You regenerate magic rapidly.


Message History

The yaktaur hits you.
You take 1 damage.
Unknown command.
You hit the yaktaur. You burn the yaktaur.
The yaktaur is lightly wounded.
The yaktaur hits you!
You take 11 damage.
You sock the yaktaur!! You burn the yaktaur.
The yaktaur is almost dead.
You sock the yaktaur! You burn the yaktaur.
You kill the yaktaur!
Okawaru accepts your kill.
The centaur warrior shoots an arrow.
The arrow hits you!
* * * LOW HITPOINT WARNING * * *
The arrow burns you.
* * * LOW HITPOINT WARNING * * *
You take 11 damage.
The centaur shouts!
The centaur shoots an arrow of flame.
The arrow of flame closely misses you.
The centaur warrior unwields an uncursed shortbow of flaming.
It stops flaming.
The centaur warrior wields a broad axe of flaming.
It bursts into flame!
The centaur warrior hits you with a broad axe of flaming!
* * * LOW HITPOINT WARNING * * *
The centaur warrior burns you.
* * * LOW HITPOINT WARNING * * *
The centaur shoots an arrow of flame.
The arrow of flame hits you but does no damage.
The arrow of flame burns you.
Items here: (( ) † 2 arrows of flame; an uncursed arbalest; 12 bolts of flame; a yaktaur corpse You take 7 damage.
The centaur warrior hits you but does no damage.
Drink which item? (? for menu, Esc to quit)
You feel better.
The centaur warrior hits you with a broad axe of flaming!
* * * LOW HITPOINT WARNING * * *
The centaur warrior burns you.
* * * LOW HITPOINT WARNING * * *
You take 7 damage.
Read which item? (? for menu, Esc to quit)
A powerful magic prevents control of your teleportation.
Your blink will be uncontrolled - continue anyway? [Y]es or [N]o only, please.
Your blink will be uncontrolled - continue anyway?
You blink.
As you read the scroll of blinking, it crumbles to dust.
The centaur warrior hits you with a broad axe of flaming!
You die...

##.#### ###.....#
#..∩).=(# #####.(.#
#######(.## ..
###..#(###..##
[..####...§..c..[$#
#....∩∩.c###.....
##......@# %!.#
!)..###...### ..#
## #.#.## # #.####
. #..# ####..##
#....∩# #######


You could see a centaur warrior.

Vanquished Creatures
  A hydra (Lair:2)
  Pikel (D:5)
  4 spiny frogs
  Joseph (D:8)
  Psyche (D:8)
  2 yaktaurs (Volcano)
  4 komodo dragons
  8 polar bears
  2 basilisks (Lair:3)
  A spriggan (D:7)
  19 yaks
  A hippogriff (Lair:3)
  2 hungry ghosts
  Menkaure (D:5)
  3 water moccasins (Lair:1)
  2 porcupines
  3 sky beasts
  An orc warrior (D:4)
  11 black bears
  4 ice beasts
  3 phantoms
  7 centaurs
  11 crocodiles
  4 ogres
  11 giant frogs
  Blork the orc (D:8)
  A big kobold (D:9)
  A wyvern zombie (D:9)
  7 killer bees
  6 wights
  A crimson imp (D:9)
  3 goliath beetles
  7 hounds
  A giant frog skeleton (D:5)
  2 jellies
  A centaur skeleton (D:7)
  7 worker ants
  6 orc priests
  10 orc wizards
  3 hound skeletons (D:6)
  A killer bee simulacrum (D:9)
  4 gnolls (D:3)
  28 river rats
  8 adders
  A shadow imp (D:5)
  A hound simulacrum (D:9)
  2 giant mites
  A white imp (D:9)
  2 ufetubi (D:9)
  4 worms
  An adder skeleton (D:6)
  An adder zombie (D:7)
  2 giant geckos
  2 oozes
  46 orcs
  16 bats
  A bat skeleton (D:5)
  A bat zombie (D:5)
  7 giant cockroaches
  14 hobgoblins
  9 jackals
  19 kobolds
  7 quokkas
  2 ball pythons
  A giant cockroach zombie (D:6)
  6 giant newts
  14 goblins
  2 quokka simulacra (D:9)
  13 rats
  A ballistomycete (D:7)
382 creatures vanquished.

Vanquished Creatures (others)
  A slave (D:5)
  The ghost of timbw the Caller, a weakling FeSu (D:5)
  A bat (D:5)
  A giant spore (D:7)
  3 rats (D:5)
  2 fungi
  A plant (Lair:1)
10 creatures vanquished.

Grand Total: 392 creatures vanquished

Notes
Turn   | Place    | Note
--------------------------------------------------------------
     0 | D:1      | Gorice, the Demonspawn Wanderer, began the quest for the Orb.
     0 | D:1      | Gorice set off with: a +2 quarterstaff, a +0 spear, a potion of lignification {!q}, a +0 robe, a +0 dagger, a bread ration {!e}
     0 | D:1      | Reached XP level 1. HP: 16/16 MP: 1/1
    59 | D:1      | Reached skill level 2 in Staves
    70 | D:1      | Gained mutation: You have a pair of small horns on your head. [demonic ancestry]
    70 | D:1      | Reached XP level 2. HP: 22/22 MP: 2/2
   479 | D:1      | Reached skill level 3 in Staves
   606 | D:1      | Reached XP level 3. HP: 27/27 MP: 3/3
   985 | D:2      | Found a shattered altar of Ashenzari.
  1500 | D:2      | Reached skill level 4 in Staves
  1500 | D:2      | Reached XP level 4. HP: 33/33 MP: 4/4
  2213 | D:3      | Gained mutation: You have a pair of horns on your head. [demonic ancestry]
  2213 | D:3      | Reached XP level 5. HP: 24/38 MP: 5/5
  2241 | D:3      | Reached skill level 5 in Staves
  2373 | D:3      | Found a glowing silver altar of Zin.
  2383 | D:3      | Found a deep blue altar of Sif Muna.
  3065 | D:4      | HP: 7/38 [orc priest/nerve-wracking pain (7)]
  3348 | D:3      | Gained mutation: When hurt, damage is shared between your health and your magic reserves. [demonic ancestry]
  3348 | D:3      | Reached XP level 6. HP: 27/44 MP: 6/6
  3350 | D:3      | Reached skill level 6 in Staves
  3952 | D:4      | Noticed a phantom
  4000 | D:4      | Killed a phantom
  4000 | D:4      | Reached skill level 7 in Staves
  4000 | D:4      | Gained mutation: You can steal the life force of nearby defeated enemies. [demonic ancestry]
  4000 | D:4      | Reached XP level 7. HP: 50/50 MP: 7/7
  4092 | D:4      | Noticed an orc warrior
  4175 | D:4      | Killed an orc warrior
  4175 | D:4      | Reached skill level 8 in Staves
  4392 | D:5      | Entered Level 5 of the Dungeon
  4622 | D:5      | Reached XP level 8. HP: 40/56 MP: 6/8
  4730 | D:5      | Noticed Pikel
  4745 | D:5      | Killed Pikel
  4745 | D:5      | Reached skill level 10 in Staves
  5018 | D:5      | Killed timbw's ghost
  5089 | D:5      | Noticed Menkaure
  5092 | D:5      | Killed Menkaure
  5579 | D:6      | Gained mutation: You regenerate magic rapidly. [demonic ancestry]
  5579 | D:6      | Reached XP level 9. HP: 61/61 MP: 9/9
  5719 | D:6      | Found a staircase to the Ecumenical Temple.
  5726 | Temple   | Entered the Ecumenical Temple
  5954 | Temple   | Became a worshipper of Warmaster Okawaru
  6079 | D:6      | Reached skill level 2 in Armour
  6229 | D:6      | Found a bloodstained altar of Trog.
  6240 | D:6      | Reached skill level 11 in Staves
  6681 | D:7      | Reached skill level 3 in Armour
  6935 | D:7      | Acquired Okawaru's first power
  7058 | D:7      | Reached skill level 4 in Armour
  7401 | D:7      | Reached skill level 5 in Armour
  7587 | D:8      | Noticed Blork the orc
  7588 | D:8      | Noticed Joseph
  7603 | D:8      | Killed Blork the orc
  7629 | D:8      | Killed Joseph
  7629 | D:8      | Reached XP level 10. HP: 57/67 MP: 10/10
  7680 | D:8      | Found a basalt altar of Yredelemnul.
  7706 | D:8      | Found Skoyve Ratiw's Gadget Shoppe.
  7784 | D:8      | Reached skill level 12 in Staves
  7795 | D:8      | Reached skill level 6 in Armour
  8135 | D:8      | Noticed Psyche
  8150 | D:8      | Paralysed by Psyche for 3 turns
  8154 | D:8      | Killed Psyche
  9011 | D:9      | Found Aklism's Gadget Emporium.
  9018 | D:9      | Upgraded the game from 0.16.0-11-gd45b091 to 0.16.0-12-g7215832
  9057 | D:9      | Reached skill level 7 in Armour
  9090 | D:9      | Found an opulent altar of Gozag.
  9266 | D:9      | Found a flagged portal.
  9272 | D:9      | Got an iridescent halberd
  9277 | D:9      | Identified the +3 halberd of Arrival {drain, rElec Int+3} (You found it on level 9 of the Dungeon)
  9282 | Bailey   | Entered a bailey
  9282 | Bailey   | Noticed an orc knight
  9284 | Bailey   | Noticed an orc knight
  9285 | Bailey   | Noticed an orc knight
  9530 | D:9      | Found a staircase to the Lair.
  9640 | D:9      | Found a basalt altar of Yredelemnul.
  9771 | D:9      | Reached skill level 8 in Armour
  9918 | D:9      | Found a shimmering altar of Xom.
  9920 | D:9      | Found a burning altar of Makhleb.
 10248 | Lair:1   | Entered Level 1 of the Lair of Beasts
 10254 | Lair:1   | Reached skill level 13 in Staves
 10438 | Lair:1   | Gained mutation: You can steal the life force of defeated enemies. [demonic ancestry]
 10438 | Lair:1   | Reached XP level 11. HP: 72/72 MP: 11/11
 10667 | Lair:1   | Acquired Okawaru's second power
 10781 | Lair:1   | Reached skill level 9 in Armour
 11085 | Lair:1   | Found a blossoming altar of Fedhas.
 11108 | Lair:1   | Noticed an oklob plant
 11209 | Lair:1   | Received a gift from Okawaru
 11616 | Lair:2   | Reached skill level 14 in Staves
 11679 | Lair:2   | Noticed a five-headed hydra
 11928 | Lair:1   | Reached skill level 10 in Armour
 12339 | Lair:2   | Reached skill level 3 in Fighting
 12493 | Lair:2   | Found an iron altar of Okawaru.
 12917 | Lair:2   | Killed a five-headed hydra
 12917 | Lair:2   | Reached XP level 12. HP: 65/83 MP: 6/12
 13089 | Lair:3   | Reached skill level 1 in Invocations
 13142 | Lair:3   | Found a staircase to the Snake Pit.
 13328 | Lair:3   | Reached skill level 2 in Invocations
 13428 | Lair:3   | Found a dark tunnel.
 13433 | Volcano  | Entered a volcano
 13463 | Volcano  | Noticed a centaur warrior
 13468 | Volcano  | Reached skill level 11 in Armour
 13474 | Volcano  | HP: 19/83 [yaktaur/bolt of flame (13)]
 13480 | Volcano  | HP: 16/83 [centaur warrior/arrow (11)]
 13481 | Volcano  | HP: 7/83 [centaur warrior/broad axe of flaming (2)]
 13483 | Volcano  | HP: 1/83 [centaur warrior/broad axe of flaming (5)]
 13484 | Volcano  | Slain by a centaur warrior

Action                   |  1- 3 |  4- 6 |  7- 9 | 10-12 || total
-------------------------+-------+-------+-------+-------++-------
Melee: Quarterstaff      |    93 |   106 |   205 |   517 ||   921
       Dagger            |       |       |       |     1 ||     1
 Fire: Hunting sling     |       |    72 |    90 |    61 ||   223
       Blowgun           |       |    22 |    41 |    23 ||    86
Throw: Stone             |     5 |     1 |       |       ||     6
       Tomahawk          |       |       |     5 |    12 ||    17
Invok: Heroism           |       |       |       |    12 ||    12
Evoke: Wand              |       |     2 |     1 |     7 ||    10
  Use: Scroll            |     7 |     5 |     5 |    11 ||    28
       Potion            |       |       |     1 |     4 ||     5
 Stab: Sleeping          |     2 |     1 |     4 |     1 ||     8
       Distracted        |       |       |     1 |       ||     1
  Eat: Chunk             |     2 |     8 |    11 |    18 ||    39
       Pizza             |       |       |       |     1 ||     1

Table legend:
 A = Turns spent in this place as a percentage of turns spent in the entire game.
 B = Non-inter-level travel turns spent in this place as a percentage of non-inter-level travel turns spent in the entire game.
 C = Inter-level travel turns spent in this place as a percentage of turns spent in this place.
 D = Turns resting spent in this place as a percentage of non-inter-level travel turns spent in this place.
 E = Turns spent auto-exploring this place as a percentage of non-inter-level travel turns spent in this place.
 F = Non-inter-level travel turns spent in this place divided by the number of levels of this place that you've seen.
                   A       B       C       D       E      F
               +-------+-------+-------+-------+-------+----------------------
         Total | 100.0 | 100.0 |   0.5 |   2.5 |   4.2 | 407.3
       Dungeon |  74.4 |  74.5 |   0.4 |   2.0 |   4.1 | 505.7
        Temple |   0.6 |   0.6 |   5.4 |   0.0 |  34.3 |  35.0
          Lair |  23.9 |  23.9 |   0.6 |   3.8 |   3.7 | 485.7
        Bailey |   0.1 |   0.1 |   0.0 |   0.0 |   0.0 |   7.0
       Volcano |   1.0 |   1.0 |   0.0 |   3.4 |   0.0 |  59.0
               +-------+-------+-------+-------+-------+----------------------

Vault maps used:
D:1:      lemuel_arrival_behind_the_door_small, minmay_misc_feat_five
D:2:      nicolae_overflow_crystal_walls
D:3:      amethyst_overflow_temple_binary, minmay_stone_trees_small,
          minmay_unequal
D:5:      first_bread, hangedman_decor_lopped, kennysheep_generic_room_3,
          uniq_menkaure, uniq_pikel
D:6:      trog_ov_bears_minmay, minmay_temple_entry_hall, st_stairs_8
D:7:      the_bakery
D:8:      serial_shops, shop, basic_altar, minmay_misc_feat_square, uniq_joseph,
          uniq_psyche, uniq_blork_the_orc
D:9:      grunt_temple_overflow_champion_of_chaos, kennysheep_mini_moat,
          lair_0_dummy, serial_shops, shop, serial_ice, serial_ice_f,
          serial_ice_l, serial_ice_b, serial_ice_o, serial_ice_n, serial_ice_a,
          enter_bailey_2, nicolae_gozag_cash_rules_everything_around_me
Temple:   oiseaux_autumnal_temple_12
Lair:1:   beast_lair_carwin_large_4, tgw_fedhas
Lair:2:   lemuel_centaur_altar, grunt_megastairs_4, infiniplex_staircase_pool
Lair:3:   dummy_snake_entry, nicolae_volcano_entry_s_turn, baited_tele_trap,
          grunt_megastairs_3, uniq_rupert
Bailey:   bailey_polearm_4, bailey
Volcano:  volcano_caves
